 Dungeon Crawl Stone Soup version 0.17.2-1-ge4368a0 (webtiles) character file.

68 Goblin1989 the Firebug (level 4, -10/24 HPs)
             Began as a Deep Elf Fire Elementalist on Oct 13, 2016.
             Killed by divine providence
             ... invoked by an orc priest
              (11 damage)
             ... on level 3 of the Dungeon.
             The game lasted 00:05:54 (1874 turns).

Goblin1989 the Firebug (Deep Elf Fire Elementalist) Turns: 1874, Time: 00:05:54

Health: -10/24     AC:  3    Str:  5    XL:     4   Next: 1%
Magic:  4/11       EV: 13    Int: 21    God:
Gold:   106        SH:  0    Dex: 15    Spells: 3 memorised, 2 levels left

rFire  . . .     SeeInvis .     d - +3 hunting sling (freeze)
rCold  . . .     Clarity  .     a - +0 robe
rNeg   . . .     SustAt   .     (no shield)
rPois  +         Gourm    .     (no helmet)
rElec  .         Spirit   .     (no cloak)
rCorr  .         Warding  .     q - +0 pair of gloves
rMut   .         Stasis   .     (no boots)
MR     .....                    (no amulet)
Stlth  ++........               (no ring)
                                o - ring of poison resistance

@: not resistant to hostile enchantments, unstealthy
A: no striking features
a: no special abilities


You were on level 3 of the Dungeon.
You were hungry.

You visited 1 branch of the dungeon, and saw 3 of its levels.

You collected 106 gold pieces.

Inventory:

Hand Weapons
 d - a +3 hunting sling of freezing (weapon)
Missiles
 e - 166 stones (quivered)
Armour
 a - a +0 robe (worn)
 q - a +0 pair of gloves (worn)
Jewellery
 o - a ring of poison resistance (left hand)
Scrolls
 f - 2 scrolls of identify {unknown}
 j - a scroll of noise {unknown}
 k - a scroll of teleportation {unknown}
 l - a scroll of enchant weapon {unknown}
 n - a scroll of amnesia {unknown}
 p - 2 scrolls of remove curse {unknown}
Potions
 h - a potion of brilliance {unknown}
 m - a potion of might {unknown}
Books
 b - a book of Flames

   Spells                             Type                      Level
   a - Flame Tongue                   Conjuration/Fire             1
   b - Throw Flame                    Conjuration/Fire             2
   c - Conjure Flame                  Conjuration/Fire             3
   d - Inner Flame                    Hexes/Fire                   3
   e - Sticky Flame                   Conjuration/Fire             4
   f - Fireball                       Conjuration/Fire             5
Comestibles
 c - 4 bread rations {@e1}
 g - a slice of pizza
 i - 7 fruits


   Skills:
 - Level 2.4 Dodging
 - Level 2.4 Stealth
 + Level 3.7 Spellcasting
 * Level 2.5 Conjurations
 * Level 4.3 Fire Magic


You had 2 spell levels left.
You knew the following spells:

 Your Spells              Type           Power        Failure   Level  Hunger
a - Flame Tongue          Conj/Fire      ###..        3%          1    None
b - Sticky Flame          Conj/Fire      ###.....     34%         4    ####...
j - Conjure Flame         Conj/Fire      ###.....     12%         3    ###....


Dungeon Overview and Level Annotations

Branches:
Dungeon (3/15)

Altars:


Message History

Casting: Flame Tongue
Confirm with . or Enter, or press ? or * to list all spells.
Aiming: Flame Tongue
Press: ? - help, Shift-Dir - straight line, f/p - orc priest
Aim: an orc priest, wielding a club (severely wounded)
The flame tongue misses the orc priest.
The orc priest calls down the wrath of Beogh upon you.
Something smites you!
Ouch! That really hurt!
* * * LOW HITPOINT WARNING * * *
You take 16 damage, and have 1/24 hp.
MASSIVE DAMAGE!!
You now have 5/11 mp.
Casting: Flame Tongue
Confirm with . or Enter, or press ? or * to list all spells.
Aiming: Flame Tongue
Press: ? - help, Shift-Dir - straight line, f/p - orc priest
Aim: an orc priest, wielding a club (severely wounded)
The flame tongue misses the orc priest.
The orc priest calls down the wrath of Beogh upon you.
Something smites you!
You die...

ਜ.ਜਜ......ਜ
ਜ.ਜ
..ਜਜ.ਜਜਜਜਜਜ
ਜ.ਜ ......ਜ
ਜ.ਜ ਜਜਜਜ..ਜ
ਜ.ਜ
†>....ਜਜਜਜਜਜ
ਜ.ਜ
...ਜ.......ਜ
ਜ†ਜ
ਜਜ.ਜ..ਜਜਜਜ.ਜ


ਜoਜ ਜਜ.ਜ..ਜਜਜਜ.ਜਜਜਜਜਜ§ਜ .........†......@.ਜ ਜਜਜਜ.ਜਜਜਜਜ.ਜਜਜਜਜਜਜਜ ਜ.......ਜ
ਜਜਜਜਜਜਜਜਜ You could see an orc priest.

Vanquished Creatures
  2 adders (D:2)
  A worm (D:2)
  A giant cockroach (D:3)
  2 goblins
  7 hobgoblins
  8 jackals (D:1)
  4 kobolds
  2 ball pythons (D:1)
  8 bats
  4 giant newts
  7 rats
46 creatures vanquished.

Notes
Turn   | Place    | Note
--------------------------------------------------------------
     0 | D:1      | Goblin1989 the Deep Elf Fire Elementalist began the quest for the Orb.
     0 | D:1      | Reached XP level 1. HP: 10/10 MP: 6/6
   219 | D:1      | Reached XP level 2. HP: 7/15 MP: 0/8
   612 | D:1      | Reached skill level 4 in Fire Magic
   922 | D:2      | Reached XP level 3. HP: 19/19 MP: 8/10
  1817 | D:3      | Reached XP level 4. HP: 24/24 MP: 11/11
  1853 | D:3      | Learned a level 3 spell: Conjure Flame
  1858 | D:3      | Learned a level 4 spell: Sticky Flame
  1873 | D:3      | HP: 1/24 [orc priest/divine providence (16)]
  1874 | D:3      | Killed from afar by an orc priest

Action                   |  1- 3 |  4- 6 || total
-------------------------+-------+-------++-------
 Fire: Hunting sling     |    71 |     3 ||    74
 Cast: Flame Tongue      |    22 |     4 ||    26
       Conjure Flame     |       |     1 ||     1
  Eat: Chunk             |     2 |       ||     2

Vault maps used:
D:1:      dpeg_arrival_arbitrary_b
D:3:      grunt_temple_overflow_order_and_chaos_1
